 Dungeon Crawl Stone Soup version 0.23.2-40-g277498a001 (webtiles) character file.

Game seed: 12325764041873306684

99 Emblim88 the Grasshopper (level 4, -3/38 HPs)
             Began as a Gnoll Warper on Aug 24, 2019.
             Slain by a gnoll
             ... wielding a +0 club
              (10 damage)
             ... on level 2 of the Dungeon.
             The game lasted 00:02:09 (1785 turns).

Emblim88 the Grasshopper (Gnoll Warper)             Turns: 1785, Time: 00:02:09

Health: -3/38      AC:  5    Str: 13    XL:     4   Next: 72%
Magic:  11/11      EV: 14    Int: 15    God:
Gold:   128        SH:  0    Dex: 16    Spells: 11/13 levels left

rFire    . . .     SeeInvis .   a - +0 falchion
rCold    . . .     Gourm    .   (no shield)
rNeg     . . .     Faith    .   b - +0 leather armour
rPois    +         Spirit   .   (no helmet)
rElec    .         Reflect  .   c - +0 cloak
rCorr    .         Harm     .   g - +0 pair of gloves
MR       .....                  (no boots)
Stlth    ++........             (no amulet)
HPRegen  0.12/turn              k - ring of poison resistance
MPRegen  0.12/turn              (no ring)

@: no status effects
A: distributed training, fangs 1, strong nose
a: no special abilities


You were on level 2 of the Dungeon.
You were not hungry.

You visited 1 branch of the dungeon, and saw 2 of its levels.

You collected 128 gold pieces.

Inventory:

Hand Weapons
 a - a +0 falchion (weapon)
Missiles
 e - 5 tomahawks of dispersal (quivered)
 l - 8 tomahawks
Armour
 b - a +0 leather armour (worn)
 c - a +0 cloak (worn)
 g - a +0 pair of gloves (worn)
Jewellery
 k - a ring of poison resistance (left hand)
Scrolls
 d - 2 scrolls of blinking
 i - a scroll of magic mapping {unknown}
 j - 2 scrolls of identify {unknown}
 m - a scroll of teleportation {unknown}
 p - a scroll of amnesia {unknown}
Potions
 h - a potion of berserk rage {unknown}
 n - a potion of heal wounds {unknown}
 o - a potion of curing {unknown}
Comestibles
 f - 3 rations


   Skills:
 + Level 4.6 Fighting
 + Level 1.2 Short Blades
 + Level 4.6 Long Blades
 + Level 1.2 Axes
 + Level 1.2 Maces & Flails
 + Level 1.2 Polearms
 + Level 1.2 Staves
 + Level 1.2 Slings
 + Level 1.2 Bows
 + Level 1.2 Crossbows
 + Level 2.8 Throwing
 + Level 2.8 Armour
 + Level 4.6 Dodging
 + Level 1.2 Stealth
 + Level 1.2 Shields
 + Level 1.2 Unarmed Combat
 + Level 5.1 Spellcasting
 + Level 1.0 Conjurations
 + Level 1.0 Hexes
 + Level 1.0 Charms
 + Level 1.0 Summonings
 + Level 1.0 Necromancy
 + Level 5.5 Translocations
 + Level 1.0 Transmutations
 + Level 1.0 Fire Magic
 + Level 1.0 Ice Magic
 + Level 1.0 Air Magic
 + Level 1.0 Earth Magic
 + Level 1.0 Poison Magic
 + Level 1.3 Invocations
 + Level 1.2 Evocations


You had 11 spell levels left.
You knew the following spells:

 Your Spells              Type           Power        Failure   Level  Hunger
a - Shroud of Golubria    Chrm/Tloc      ##........   9%          2    ##.....

Your spell library contained the following spells:

 Spells                   Type           Power        Failure   Level  Hunger
 Blink                    Tloc           N/A          3%          2    ##.....
 Gell's Gravitas          Tloc           ###.......   6%          3    ###....
 Lesser Beckoning         Tloc           ###.......   6%          3    ###....
 Teleport Other           Tloc           ###.....     6%          3    ###....
 Passage of Golubria      Tloc           N/A          22%         4    ####...


Dungeon Overview and Level Annotations

Branches:
Dungeon (2/15)

Altars:
Cheibriados


Innate Abilities, Weirdness & Mutations

Your experience applies equally to all skills.
You have very sharp teeth.
Your uncanny sense of smell can sniff out nearby items.


Message History

Your Fire Magic skill increases to level 1!
Your Ice Magic skill increases to level 1!
Your Air Magic skill increases to level 1!
Your Earth Magic skill increases to level 1!
Your Poison Magic skill increases to level 1!
Unknown command.
You hit the gnoll. Your bite misses the gnoll.
The gnoll is lightly wounded.
The gnoll closely misses you.
You hit the gnoll.
The gnoll is heavily wounded.
The gnoll hits you with a +0 club!
* * * LOW HITPOINT WARNING * * *
You closely miss the gnoll.
The gnoll is heavily wounded.
The gnoll misses you.
You barely miss the gnoll.
The gnoll is heavily wounded.
The gnoll hits you with a +0 club!
You die...

#################
#...............##
#.###########.#...
#@# #######.).## #g#
#...........
###.#####.##.##.####
#...............####
#.#.##....#...#.....
#.#.#..g..#.....####
# #>............#
###.g...#....#####
#.[...#.........


You could see a gnoll.

Vanquished Creatures
  Terence (D:2)
  A gnoll (D:2)
  2 adders (D:2)
  2 worms (D:2)
  2 dart slugs (D:1)
  A giant cockroach (D:2)
  9 goblins
  6 hobgoblins
  4 bats
  A frilled lizard (D:1)
  4 kobolds
  4 rats
37 creatures vanquished.

Notes
Turn   | Place    | Note
-------+----------+-------------------------------------------
     0 | D:1      | Emblim88 the Gnoll Warper began the quest for the Orb.
     0 | D:1      | Reached XP level 1. HP: 20/20 MP: 6/6
    71 | D:1      | Reached XP level 2. HP: 26/26 MP: 7/7
   219 | D:1      | Learned a level 2 spell: Shroud of Golubria
   639 | D:2      | Reached XP level 3. HP: 31/31 MP: 9/9
   680 | D:2      | Reached skill level 5 in Spellcasting
   750 | D:2      | Reached skill level 1 in Invocations
   905 | D:2      | Reached skill level 1 in Short Blades
   905 | D:2      | Reached skill level 1 in Axes
   905 | D:2      | Reached skill level 1 in Maces & Flails
   905 | D:2      | Reached skill level 1 in Polearms
   905 | D:2      | Reached skill level 1 in Staves
   905 | D:2      | Reached skill level 1 in Slings
   905 | D:2      | Reached skill level 1 in Bows
   905 | D:2      | Reached skill level 1 in Crossbows
   905 | D:2      | Reached skill level 1 in Stealth
   905 | D:2      | Reached skill level 1 in Shields
   905 | D:2      | Reached skill level 1 in Unarmed Combat
   905 | D:2      | Reached skill level 1 in Evocations
   905 | D:2      | Reached XP level 4. HP: 17/38 MP: 11/11
  1249 | D:2      | Found a snail-covered altar of Cheibriados.
  1426 | D:2      | Noticed Terence
  1445 | D:2      | Killed Terence
  1781 | D:2      | Reached skill level 1 in Conjurations
  1781 | D:2      | Reached skill level 1 in Hexes
  1781 | D:2      | Reached skill level 1 in Charms
  1781 | D:2      | Reached skill level 1 in Summonings
  1781 | D:2      | Reached skill level 1 in Necromancy
  1781 | D:2      | Reached skill level 1 in Transmutations
  1781 | D:2      | Reached skill level 1 in Fire Magic
  1781 | D:2      | Reached skill level 1 in Ice Magic
  1781 | D:2      | Reached skill level 1 in Air Magic
  1781 | D:2      | Reached skill level 1 in Earth Magic
  1781 | D:2      | Reached skill level 1 in Poison Magic
  1785 | D:2      | Slain by a gnoll

Skill      XL: |  1  2  3  4 |
---------------+-------------+-----
Spellcasting   | 5 |  5.1
Invocations    | 1 |  1.3
Short Blades   | 1 |  1.2
Axes           | 1 |  1.2
Maces & Flails | 1 |  1.2
Polearms       | 1 |  1.2
Staves         | 1 |  1.2
Slings         | 1 |  1.2
Bows           | 1 |  1.2
Crossbows      | 1 |  1.2
Stealth        | 1 |  1.2
Shields        | 1 |  1.2
Unarmed Combat | 1 |  1.2
Evocations     | 1 |  1.2
Conjurations   | 1 |  1.0
Hexes          | 1 |  1.0
Charms         | 1 |  1.0
Summonings     | 1 |  1.0
Necromancy     | 1 |  1.0
Transmutations | 1 |  1.0
Fire Magic     | 1 |  1.0
Ice Magic      | 1 |  1.0
Air Magic      | 1 |  1.0
Earth Magic    | 1 |  1.0
Poison Magic   | 1 |  1.0
Fighting       | |  4.6
Long Blades    | |  4.6
Throwing       | |  2.8
Armour         | |  2.8
Dodging        | |  4.6
Translocations | |  5.5

Action                   |  1- 3 |  4- 6 || total
-------------------------+-------+-------++-------
Melee: Falchion          |   102 |    38 ||   140
       Bite              |    11 |     8 ||    19
       Punch             |       |     1 ||     1
 Cast: Shroud of Golubri |     1 |     2 ||     3
 Stab: Sleeping          |     3 |       ||     3
  Eat: Ration            |       |     1 ||     1
Armor: Leather armour    |    22 |     3 ||    25
Dodge: Dodged            |    83 |    28 ||   111
       Rpst.: Falchion   |    28 |    10 ||    38
